 Dungeon Crawl Stone Soup version 0.23.2-40-g277498a001 (webtiles) character file.

Game seed: 103297663321626072

18352 manix1 the Covert (level 12, 0/53 HPs)
             Began as a Spriggan Assassin on Sept 10, 2019.
             Was a Priest of Dithmenos.
             Slain by a spriggan
             ... wielding a +0 spear
              (11 damage)
             ... on level 11 of the Dungeon on Sept 19, 2019.
             The game lasted 02:38:33 (18859 turns).

manix1 the Covert (Spriggan Assassin)              Turns: 18859, Time: 02:38:33

Health: 0/53       AC:  8    Str:  7    XL:     12   Next: 27%
Magic:  26/26      EV: 23    Int: 16    God:    Dithmenos [***...]
Gold:   513        SH:  8    Dex: 22    Spells: 26/30 levels left

rFire    . . .     SeeInvis +   a - +4 dagger (speed)
rCold    . . .     Gourm    .   M - +0 buckler
rNeg     . . .     Faith    .   L - +0 acid dragon scales
rPois    .         Spirit   .   (helmet restricted)
rElec    .         Reflect  .   d - +1 cloak
rCorr    +         Harm     .   (gloves unavailable)
MR       ++...                  (boots unavailable)
Stlth    +++++++...             (no amulet)
HPRegen  0.17/turn              A - +3 ring of intelligence
MPRegen  0.20/turn              (no ring)

@: lethally poisoned (0 -> -10), wreathed by umbra, very quick
A: very small, unfitting armour, see invisible, herbivore, speed 3, slow
metabolism 2
a: Shadow Step, Renounce Religion


You were on level 11 of the Dungeon.
You worshipped Dithmenos.
Dithmenos was most pleased with you.
You were not hungry.

You visited 4 branches of the dungeon, and saw 15 of its levels.

You collected 753 gold pieces.
You spent 240 gold pieces at shops.

Inventory:

Hand Weapons
 a - a +4 dagger of speed (weapon)
 b - a +0 blowgun
 c - a +0 hunting sling
 s - a +2 dagger of venom
Missiles
 e - 15 poisoned needles
 f - 10 curare-tipped needles
 l - 5 sling bullets
 u - 11 needles of confusion
 y - 266 stones (quivered)
 I - a throwing net
Armour
 d - a +1 cloak (worn)
 L - +0 acid dragon scales (worn)
 M - a +0 buckler (worn)
 N - a +2 robe of resistance
 X - a +2 robe of magic resistance
Jewellery
 A - a +3 ring of intelligence (left hand)
 T - an uncursed ring of fire
Wands
 j - a wand of enslavement (8)
 J - a wand of random effects (26)
 O - a wand of paralysis (9)
 Z - a wand of clouds (6)
Scrolls
 i - 2 scrolls of immolation
 k - 9 scrolls of teleportation
 m - 6 scrolls of remove curse
 p - 4 scrolls of enchant armour
 q - a scroll of fog {unknown}
 v - a scroll of noise {unknown}
 x - 3 scrolls of blinking
 B - a scroll of fear
 D - a scroll of identify
 E - 2 scrolls of enchant weapon
 H - a scroll of amnesia
 Q - a scroll of acquirement {unknown}
 R - a scroll of magic mapping {unknown}
 S - a scroll of torment {unknown}
 Y - a scroll of holy word {unknown}
Potions
 h - a potion of cancellation {unknown}
 n - 3 potions of curing
 o - 3 potions of flight
 r - 5 potions of haste
 t - a potion of heal wounds
 w - 2 potions of invisibility {unknown}
 z - 3 potions of might
 C - 2 potions of brilliance {unknown}
 F - 2 potions of degeneration {unknown}
 G - 3 potions of lignification
 K - a potion of agility {unknown}
 P - a potion of mutation {unknown}
 V - a potion of berserk rage {unknown}
 W - a potion of magic {unknown}
Miscellaneous
 U - a box of beasts
Comestibles
 g - 16 rations


   Skills:
 - Level 1.5 Fighting
 - Level 10.0 Short Blades
 + Level 9.1(9.8) Slings
 - Level 4.6(6.7) Throwing
 + Level 8.3 Dodging
 + Level 12.5 Stealth
 * Level 5.0 Shields
 + Level 9.7 Spellcasting
 + Level 9.6 Hexes


You had 26 spell levels left.
You knew the following spells:

 Your Spells              Type           Power        Failure   Level  Hunger
a - Confusing Touch       Hex            #####.       1%          1    None
b - Confuse               Hex            #####...     1%          3    None

Your spell library contained the following spells:

 Spells                   Type           Power        Failure   Level  Hunger
 Cause Fear               Hex            #####.....   4%          4    ###....
 Freeze                   Ice            #...         21%         1    None
 Throw Frost              Conj/Ice       #.....       30%         2    None
 Gell's Gravitas          Tloc           #.........   52%         3    None
 Ozocubu's Armour         Chrm/Ice       #.......     52%         3    None
 Metabolic Englaciation   Hex/Ice        ###.......   63%         5    #####..
 Silence                  Hex/Air        ###.......   63%         5    #####..
 Yara's Violent Unravell  Hex/Tmut       ###.......   63%         5    #####..
 Petrify                  Tmut/Erth      #.......     90%         4    ###....
 Summon Ice Beast         Ice/Summ       #.......     90%         4    ###....
 Throw Icicle             Conj/Ice       #.......     90%         4    ###....
 Deflect Missiles         Chrm/Air       #.........   100%        6    ######.
 Discord                  Hex            #####.....   100%        8    #######


Dungeon Overview and Level Annotations

Branches:
Dungeon (12/15)            Temple (1/1) D:7            Lair (1/6) D:8
    Orc (1/2) D:10

Altars:
Ashenzari
Cheibriados
Dithmenos
Elyvilon
Fedhas
Gozag
Hepliaklqana
Kikubaaqudgha
Makhleb
Nemelex Xobeh
Okawaru
Qazlal
Ru
Sif Muna
Trog
Uskayaw
Vehumet
Wu Jian
Xom
Yredelemnul
Zin
The Shining One

Shops:
D:4 :   D:10 :(=?

Annotations:
D:11 FishyPogo's ghost, journeyman DrTm


Innate Abilities, Weirdness & Mutations

You are very small and have problems with some larger weapons.
You are too small for most types of armour.
You have supernaturally acute eyesight. (SInv)
You are a herbivore.
You cover ground extremely quickly.
You need to consume almost no food.


Message History

You are more poisoned.
You block the spriggan's attack. The spriggan misses you.
FishyPogo's ghost completely misses you.
You feel sick. You block the spriggan's attack.
The spriggan hits you but does no damage.
The spriggan closely misses you. You block FishyPogo's ghost's attack.
You feel sick. The spriggan barely misses you. You block the spriggan's attack.
The spriggan completely misses you. FishyPogo's ghost misses you.
You feel sick. The spriggan completely misses you.
The spriggan closely misses you. x2
FishyPogo's ghost completely misses you.
You feel sick.
The spriggan hits you from afar with the +7 spear "Soikhlod" {venom, +Rage rF++ Dex-3}!
* * * LOW HITPOINT WARNING * * *
You block the spriggan's attack. The spriggan barely misses you.
FishyPogo's ghost misses you.
* * * LOW HITPOINT WARNING * * *
You feel sick. The spriggan closely misses you. The spriggan barely misses you.
The spriggan hits you from afar with a +0 spear!
You die...

#.....# #..[#>....#.......# #
#....)###..)#[....#.......### ##
#.......[...'.....#.......... .#
###########'#.....#.......... .#
#..............#.......... .#
#..............#.......... .#
#..............#......#### .#
#..............#......# # .#
#...♣♣#8.@.8#♣♣#......#### .#
#...♣.♣##W##♣.♣#.......... .#
#...♣♣..iii♣♣.♣#.......... .##
#.##♣♣♣..♣h..♣♣#..........
..#########.♣♣......♣.##.........
#.#.........♣.♣♣♣...♣..#...######
#.#.........♣♣ .♣.♣♣..#...######
#.#..........♣♣♣♣♣♣♣...#.........
#.#....................'.........


You could see a black bear, 3 spriggans and FishyPogo's ghost.

Vanquished Creatures
  Fannar (D:10)
  The ghost of weresquid the Unflinching, a journeyman MiGl of the Shining One (D:10)
  A death knight (D:11)
  2 two-headed ogres
  A skeletal warrior (D:11)
  2 phantasmal warriors
  2 cyclopes
  An ugly thing (D:12)
  3 manticores
  A kobold demonologist (D:11)
  6 trolls
  2 hippogriffs
  A shadow (D:12)
  A spriggan (D:7)
  A vampire (D:10)
  4 yaks (D:11)
  A hog (D:12)
  4 wargs (D:10)
  An acid dragon (D:9)
  A soldier ant (D:12)
  5 porcupines
  Duvessa (D:6)
  3 ice beasts
  7 orc warriors
  4 black bears
  7 ogres
  2 sky beasts
  An eye of draining (D:9)
  A wolf (D:8)
  5 centaurs
  5 crocodiles (D:8)
  A big kobold (D:10)
  9 bullfrogs
  A gnoll sergeant (D:6)
  A wyvern zombie (D:6)
  5 scorpions
  Dowan (D:6)
  11 killer bees
  6 wights
  3 howler monkeys
  5 crimson imps
  A centaur zombie (D:10)
  3 orc priests
  5 bullfrog skeletons
  4 centaur skeletons
  A gnoll shaman (D:4)
  3 hounds
  4 jellies
  10 worker ants
  3 iguanas
  9 orc wizards
  A hound zombie (D:6)
  A hound skeleton (D:7)
  A worker ant zombie (D:11)
  13 adders
  22 gnolls
  An ooze (D:4)
  2 adder skeletons (D:4)
  2 worms
  A dart slug (D:2)
  8 leopard geckos
  23 orcs
  10 bats
  2 giant cockroaches
  7 goblins
  11 hobgoblins
  8 jackals
  3 quokkas
  3 ball pythons
  5 frilled lizards
  A giant cockroach zombie (D:5)
  8 kobolds
  A quokka skeleton (D:7)
  7 rats
305 creatures vanquished.

Vanquished Creatures (collateral kills)
  A killer bee (D:12)
1 creature vanquished.

Vanquished Creatures (others)
  A bush (D:8)
  3 fungi
  11 plants
15 creatures vanquished.

Grand Total: 321 creatures vanquished

Notes
Turn   | Place    | Note
-------+----------+-------------------------------------------
     0 | D:1      | manix1 the Spriggan Assassin began the quest for the Orb.
     0 | D:1      | Reached XP level 1. HP: 10/10 MP: 2/2
   118 | D:1      | Reached skill level 6 in Stealth
   172 | D:1      | Reached XP level 2. HP: 14/14 MP: 3/3
   848 | D:2      | Reached XP level 3. HP: 14/18 MP: 4/4
  1853 | D:3      | Reached XP level 4. HP: 22/22 MP: 5/5
  2837 | D:4      | Found a radiant altar of Vehumet.
  2838 | D:4      | Found a bloodstained altar of Trog.
  2839 | D:4      | Found a glowing silver altar of Zin.
  2839 | D:4      | Found a snail-covered altar of Cheibriados.
  2840 | D:4      | Found a hide-covered altar of Uskayaw.
  2875 | D:4      | Reached skill level 1 in Slings
  2875 | D:4      | Reached XP level 5. HP: 25/25 MP: 6/6
  3301 | D:4      | Found Louloos's Book Shop.
  3326 | D:4      | Reached skill level 7 in Stealth
  3363 | D:4      | Reached XP level 6. HP: 30/30 MP: 7/7
  3988 | D:4      | Reached XP level 7. HP: 33/33 MP: 8/8
  4210 | D:4      | Bought a book of Misfortune for 240 gold pieces
  4212 | D:4      | Learned a level 1 spell: Confusing Touch
  4246 | D:5      | Entered Level 5 of the Dungeon
  4457 | D:5      | Reached skill level 1 in Spellcasting
  4486 | D:5      | Reached skill level 1 in Hexes
  5404 | D:6      | Reached skill level 5 in Dodging
  5655 | D:6      | Noticed Dowan
  5657 | D:6      | Noticed Duvessa
  5684 | D:6      | Killed Dowan
  5695 | D:6      | Killed Duvessa
  5825 | D:6      | Reached skill level 8 in Stealth
  5825 | D:6      | Reached XP level 8. HP: 37/37 MP: 13/13
  5968 | D:6      | Reached skill level 5 in Short Blades
  6130 | D:6      | Found an ornate altar of the Wu Jian Council.
  7330 | D:7      | Found a staircase to the Ecumenical Temple.
  7341 | Temple   | Entered the Ecumenical Temple
  7480 | Temple   | Became a worshipper of Dithmenos the Shadowed
  7716 | D:7      | Reached skill level 5 in Slings
  8155 | D:7      | Reached skill level 5 in Spellcasting
  8305 | D:7      | Reached XP level 9. HP: 41/41 MP: 17/17
  8417 | D:7      | Reached skill level 5 in Hexes
  8505 | D:8      | Reached * piety under Dithmenos
  8520 | D:8      | Reached skill level 9 in Stealth
  8523 | D:8      | Noticed a two-headed ogre
  8575 | D:7      | Killed a two-headed ogre
  8994 | D:8      | Found a staircase to the Lair.
  9340 | D:8      | Reached XP level 10. HP: 46/46 MP: 21/21
  9985 | D:8      | Reached skill level 10 in Stealth
 11032 | D:9      | Reached ** piety under Dithmenos
 12228 | D:8      | Learned a level 3 spell: Confuse
 12568 | D:9      | Reached skill level 1 in Shields
 12708 | D:10     | Entered Level 10 of the Dungeon
 12743 | D:10     | Found Ecuacvuh's Magic Scroll Shoppe.
 12791 | D:10     | Found a staircase to the Orcish Mines.
 13361 | D:10     | Reached XP level 11. HP: 49/49 MP: 24/24
 13523 | D:10     | Reached skill level 11 in Stealth
 13970 | D:10     | Found a sacrificial altar of Ru.
 14177 | D:10     | Found a runed translucent gate.
 14177 | D:10     | Found a runed translucent gate.
 14177 | D:10     | Found a runed translucent gate.
 14177 | D:10     | Noticed weresquid's ghost (journeyman MiGl)
 14215 | D:10     | Found Ediy's Book Emporium.
 14222 | D:10     | Noticed Fannar
 14492 | D:10     | Killed Fannar
 14846 | D:10     | Found Opeammaj's Jewellery Emporium.
 14888 | D:10     | Found Onoc's Antique Weapon Boutique.
 15175 | D:10     | Killed weresquid's ghost
 15326 | Orc:1    | Entered Level 1 of the Orcish Mines
 15411 | Orc:1    | Noticed an orc high priest
 15423 | Orc:1    | Noticed a sun demon
 15856 | Lair:1   | Entered Level 1 of the Lair of Beasts
 16537 | D:11     | Found a runed translucent door.
 16542 | D:11     | Identified the +7 spear "Soikhlod" {venom, +Rage rF++
                  | Dex-3}
 16549 | D:11     | Noticed FishyPogo's ghost (journeyman DrTm)
 16795 | D:11     | Reached *** piety under Dithmenos
 17445 | D:12     | Noticed a lindwurm
 17653 | D:12     | Noticed a two-headed ogre
 17666 | D:12     | Killed a two-headed ogre
 17666 | D:12     | Reached skill level 12 in Stealth
 17818 | D:12     | Noticed a white ugly thing
 17825 | D:12     | Killed a white ugly thing
 17924 | D:12     | Noticed a phantasmal warrior
 17925 | D:12     | Reached XP level 12. HP: 53/53 MP: 24/26
 17942 | D:12     | Noticed a death knight
 18763 | D:11     | Killed a death knight
 18839 | D:11     | Reached skill level 10 in Short Blades
 18839 | D:11     | Reached skill level 5 in Shields
 18859 | D:11     | Slain by a spriggan

Skill      XL: |  1  2  3  4  5  6  7  8  9 10 11 12 |
---------------+-------------------------------------+-----
Stealth        | 6 7 8 9 10 12 | 12.5
Dodging        | 2 3 4 5 6 7 8 |  8.3
Throwing       | 3 4 |  4.6
Short Blades   | 3 4 6 7 8 9 10 | 10.0
Slings         | 1 2 3 4 5 6 7 8 9 |  9.1
Spellcasting   | 3 5 6 8 9 |  9.7
Hexes          | 2 4 6 8 9 |  9.6
Shields        | 1 4 5 |  5.0
Fighting       | |  1.5

Action                   |  1- 3 |  4- 6 |  7- 9 | 10-12 || total
-------------------------+-------+-------+-------+-------++-------
Melee: Dagger            |    79 |    59 |   260 |  1065 ||  1463
 Fire: Blowgun           |    44 |    84 |   239 |   174 ||   541
       Hunting sling     |       |    22 |    64 |   130 ||   216
Throw: Stone             |       |       |       |     2 ||     2
 Cast: Confusing Touch   |       |       |       |    34 ||    34
       Confuse           |       |       |       |     2 ||     2
  Use: Scroll            |     1 |     1 |     5 |     9 ||    16
       Potion            |       |       |       |     3 ||     3
 Stab: Sleeping          |    11 |    14 |    10 |    26 ||    61
       Distracted        |       |     2 |       |     4 ||     6
       Confused          |       |       |       |    40 ||    40
  Eat: Ration            |       |       |     2 |     6 ||     8
Armor: Robe              |    12 |     6 |    12 |     7 ||    37
       Acid dragon scale |       |       |       |    24 ||    24
Dodge: Dodged            |    73 |    38 |   167 |   381 ||   659
Block: Buckler           |       |       |    13 |   128 ||   141
